 Dungeon Crawl Stone Soup version 0.28-a0-1518-gbe868bca14 (webtiles) character file.

Game seed: 16586970856386836092

10201 dolemite99 the Impaler (level 11, -3/89 HPs)
             Began as a Merfolk Monk on Jan 17, 2022.
             Was a Priest of Ignis.
             Slain by an orc warrior (6 damage)
             ... on level 10 of the Dungeon.
             The game lasted 00:18:10 (17885 turns).

dolemite99 the Impaler (Merfolk Monk)              Turns: 17885, Time: 00:18:10

Health: -3/89      AC: 20    Str: 15    XL:     11   Next: 58%
Magic:  0/11       EV:  6    Int:  9    God:    Ignis [***...]
Gold:   515        SH:  0    Dex: 18    Spells: 10/10 levels left

rFire   + . .      SeeInvis +   b - +2 halberd
rCold   . . .      Faith    .   (shield currently unavailable)
rNeg    . . .      Spirit   +   u - +1 plate armour
rPois   .          Reflect  .   D - +1 helmet {SInv}
rElec   .          Harm     .   w - scarf {repulsion}
rCorr   .          Rampage  .   (no gloves)
Will    .....                   H - +0 pair of boots
Stlth   ..........              n - amulet of guardian spirit
HPRegen 0.24/turn               z - +4 ring of protection {=R}
MPRegen 0.12/turn               (no ring)

@: repel missiles
A: (nimble swimmer 2), mertail
a: Renounce Religion, Fiery Armour, Foxfire Swarm


You were on level 10 of the Dungeon.
You worshipped Ignis.
Ignis was most pleased with you.
You visited 1 branch of the dungeon, and saw 10 of its levels.

You collected 515 gold pieces.

Inventory:

Hand Weapons
 a - a +1 trident
 b - a +2 halberd (weapon)
 o - a +0 glaive
 y - a +2 vorpal trident
Missiles
 d - 44 bolts
 h - 192 stones
 l - 144 sling bullets
 s - 7 poisoned darts (quivered)
 t - 3 silver boomerangs
 x - 2 javelins
Armour
 u - a +1 plate armour (worn)
 w - a scarf of repulsion (worn)
 A - a +0 helmet
 D - a +1 helmet of see invisible (worn)
 H - a +0 pair of boots (worn)
Magical Staves
 I - a staff of fire
Jewellery
 f - the ring of Qetureza {rElec Str+6 Int+7 Dex+2}
   (You took it off a rakshasa on level 10 of the Dungeon)

   [ring of strength]

   Str:       It affects your strength (+6).
   Int:       It affects your intelligence (+7).
   Dex:       It affects your dexterity (+2).
   rElec:     It insulates you from electricity.
 g - a ring of protection from cold
 k - a ring of flight
 n - an amulet of guardian spirit (around neck)
 r - an amulet of the acrobat
 z - a +4 ring of protection (left hand) {=R}
Wands
 m - a wand of paralysis (4)
 v - a wand of flame (23)
 E - a wand of digging (7)
 F - a wand of charming (9)
 G - a wand of iceblast (8)
Scrolls
 i - 2 scrolls of enchant armour
 q - 3 scrolls of magic mapping
 C - a scroll of holy word
Potions
 c - a potion of attraction {unknown}
 e - a potion of heal wounds
 j - a potion of berserk rage {unknown}
 p - 3 potions of brilliance
 B - a potion of flight


   Skills:
 - Level 9.6 Fighting
 + Level 17.3 Polearms
 - Level 4.9 Armour
 - Level 4.0 Dodging
 - Level 2.1 Stealth
 - Level 8.0 Evocations


You had 10 spell levels left.
You didn't know any spells.
Your spell library contained the following spells:

 Spells                   Type           Power      Damage    Failure   Level
 Animate Skeleton         Necr           0%         N/A       100%        1
 Freeze                   Ice            0%         1d3       100%        1
 Magic Dart               Conj           0%         1d3       100%        1
 Pain                     Necr           0%         1d4       100%        1
 Slow                     Hex            0%         N/A       100%        1
 Searing Ray              Conj           0%         2d4       100%        2
 Static Discharge         Conj/Air       0%         N/A       100%        2
 Call Canine Familiar     Summ           0%         N/A       100%        3
 Confusing Touch          Hex            0%         N/A       100%        3
 Dazzling Flash           Conj/Hex       0%         N/A       100%        3
 Frozen Ramparts          Ice            0%         1d2       100%        3
 Portal Projectile        Hex/Tloc       0%         N/A       100%        3
 Vampiric Draining        Necr           0%         2d6       100%        3
 Dispel Undead            Necr           0%         3d6       100%        4
 Fulminant Prism          Conj/Hex       0%         3d6       100%        4
 Hailstorm                Conj/Ice       0%         3d3       100%        4
 Leda's Liquefaction      Hex/Erth       0%         N/A       100%        4
 Sticky Flame             Conj/Fire      0%         2d3       100%        4
 Agony                    Necr           0%         N/A       100%        5
 Lightning Bolt           Conj/Air       0%         1d11      100%        5
 Silence                  Hex/Air        0%         N/A       100%        5
 Maxwell's Capacitive Co  Air            0%         ∞         100%        8


Dungeon Overview and Level Annotations

Branches:
Dungeon (10/15)            Temple (0/1) D:7            Lair (0/6) D:10
    Orc: D:9-12

Altars:
Qazlal
Xom
Ignis

Shops:
D:3 :   D:9 (

Annotations:
D:5 2 transporters - WYRMBANE, Pooter's ghost, novice MiMo
D:7 4 runed translucent doors
D:8 1 runed translucent door, AverageBear's ghost, novice DDFi


Innate Abilities, Weirdness & Mutations

((You are very nimble when in or above water. (Stealth+, EV+, Speed+++)))
Your lower body shifts to a powerful aquatic tail in water.


Message History

You see here a staff of conjuration.
You see here a +0 long sword.
You see here a staff of fire.
I - a staff of fire The orc warrior shouts!
Press: ? - help, v - describe, . - travel
Here: an orc warrior, wielding the +7 lajatang of Order {silver, rMut} and wearing a +0 chain mail The floor.
Unknown command.
Unknown command.
There is an open door here.
The orc warrior drinks a potion.
The orc warrior seems to grow stronger.
The orc warrior hits you with the +7 lajatang of Order {silver, rMut}!!
You puncture the orc warrior!
The orc warrior is heavily wounded.
You closely miss the orc warrior.
The orc warrior is heavily wounded.
The orc warrior hits you with the +7 lajatang of Order {silver, rMut}!!
You hit the orc warrior but do no damage.
The orc warrior is heavily wounded.
The orc warrior hits you with the +7 lajatang of Order {silver, rMut}!!
* * * LOW HITPOINT WARNING * * *
x2 You feel much better.
The orc warrior hits you with the +7 lajatang of Order {silver, rMut}.
You feel much better.
The orc warrior hits you with the +7 lajatang of Order {silver, rMut}!!
You closely miss the orc warrior.
The orc warrior is moderately wounded.
You closely miss the orc warrior.
The orc warrior is moderately wounded.
The orc warrior hits you with the +7 lajatang of Order {silver, rMut}!
* * * LOW HITPOINT WARNING * * *
x2 You closely miss the orc warrior.
The orc warrior is moderately wounded.
The orc warrior hits you with the +7 lajatang of Order {silver, rMut}!
* * * LOW HITPOINT WARNING * * *
x2 You hit the orc warrior.
The orc warrior is heavily wounded.
The orc warrior hits you with the +7 lajatang of Order {silver, rMut}.
You die...

##...[.)# #.. #####.##
#.. #.# ##.. ##'## #...
##...## #... # ##.....##
#... ##. ##.......###...
#.#...####.........#....
#.....o@.'..............
........##..............
##.##.##.###.......#.....
#.. # #.# ##.....###....
.... #.# ##...## ##...
#.... #.# ##'## ##.#
#.#.###.# #.# #.#
##.......#### #.# #.#
............###.#######.#


You could see an orc warrior (strong).

Vanquished Creatures
  A sphinx (D:10)
  A rakshasa (D:10)
  3 two-headed ogres
  Pikel (D:6)
  Prince Ribbit (D:8)
  3 wraiths
  7 yaks
  A steam dragon (D:7)
  The ghost of Pin the Insei, an amateur OpTm of Xom (D:4)
  An acid dragon (D:10)
  3 water moccasins
  Duvessa (D:7)
  3 sky beasts
  5 orc warriors
  2 black bears (D:6)
  A necrophage (D:6)
  An ice beast (D:6)
  2 centaurs
  2 ogres
  A kobold brigand (D:8)
  4 bullfrogs
  A wyvern zombie (D:9)
  A gnoll sergeant (D:6)
  Dowan (D:7)
  9 killer bees
  12 wights
  2 howler monkeys
  2 electric eels (D:8)
  4 centaur zombies
  2 hounds (D:5)
  2 jellies
  2 bullfrog skeletons
  7 orc priests
  A centaur skeleton (D:6)
  4 iguanas
  9 orc wizards
  A hound skeleton (D:4)
  2 howler monkey zombies
  9 adders
  A howler monkey skeleton (D:6)
  3 white imps
  2 ufetubi (D:5)
  3 dart slugs
  20 orcs
  5 bats
  2 endoplasms
  A giant cockroach (D:2)
  7 hobgoblins
  2 jackals (D:3)
  9 kobolds
  4 quokkas
  5 ball pythons
  A frilled lizard (D:1)
  2 goblins
  6 rats
189 creatures vanquished.

Vanquished Creatures (others)
  12 foxfires (D:10)
  11 plants
23 creatures vanquished.

Grand Total: 212 creatures vanquished

Notes
Turn   | Place    | Note
-------+----------+-------------------------------------------
     0 | D:1      | dolemite99 the Merfolk Monk began the quest for the Orb.
     0 | D:1      | Reached XP level 1. HP: 18/18 MP: 1/1
   287 | D:1      | Reached skill level 5 in Polearms
   290 | D:1      | Reached XP level 2. HP: 24/24 MP: 2/2
   308 | D:1      | Found a faded altar of an unknown god.
   321 | D:1      | Prayed at the altar of an unknown god.
   321 | D:1      | Became a worshipper of Ignis, the Dying Flame
   321 | D:1      | Reached ****** piety under Ignis
  1199 | D:1      | Reached skill level 6 in Polearms
  1199 | D:1      | Reached XP level 3. HP: 29/29 MP: 3/3
  2153 | D:3      | Found Vedautwu's Book Emporium.
  2242 | D:3      | Reached skill level 7 in Polearms
  2242 | D:3      | Reached XP level 4. HP: 28/35 MP: 4/4
  2568 | D:3      | Reached skill level 8 in Polearms
  2568 | D:3      | Reached XP level 5. HP: 24/41 MP: 5/5
  3078 | D:4      | Noticed an orc warrior
  3108 | D:4      | Killed an orc warrior
  3109 | D:4      | Reached skill level 9 in Polearms
  3109 | D:4      | Reached XP level 6. HP: 37/47 MP: 6/6
  3117 | D:4      | Reached skill level 10 in Polearms
  3428 | D:4      | You fall into a shaft and drop 3 floors!
  3434 | D:7      | Noticed a sky beast
  3456 | D:6      | Killed a sky beast
  3841 | D:6      | Noticed Pikel
  3861 | D:6      | Killed Pikel
  3862 | D:6      | Reached skill level 13 in Polearms
  3862 | D:6      | Reached XP level 7. HP: 44/52 MP: 7/7
  3862 | D:6      | Reached XP level 8. HP: 49/58 MP: 8/8
  4085 | D:5      | Entered Level 5 of the Dungeon
  4933 | D:4      | Found a runed translucent door.
  4937 | D:4      | Noticed Pin's ghost (amateur OpTm)
  5709 | D:4      | Reached skill level 14 in Polearms
  5714 | D:4      | Killed Pin's ghost
  5858 | D:5      | Found the +8 lance "Wyrmbane" {slay drac, rPois rF+ rC+
                  | AC+3}
  5860 | D:5      | Found a transporter.
  5883 | D:5      | Found a transporter.
  5885 | D:5      | Noticed Pooter's ghost (novice MiMo)
  5948 | D:5      | Reached skill level 15 in Polearms
  6073 | D:5      | Found a stormy altar of Qazlal.
  6075 | D:5      | Noticed a water elemental
  6076 | D:5      | Noticed an air elemental
  6200 | D:6      | Reached skill level 1 in Armour
  7195 | D:6      | Reached XP level 9. HP: 60/64 MP: 9/9
  8270 | D:7      | Found a staircase to the Ecumenical Temple.
  8493 | D:7      | Noticed Duvessa
  8493 | D:7      | Noticed Dowan
  8505 | D:7      | Killed Duvessa
  8515 | D:7      | Killed Dowan
  8882 | D:7      | HP: 3/67 [killer bee (6)]
  9086 | D:7      | Reached skill level 16 in Polearms
  9226 | D:7      | Noticed a polar bear
  9227 | D:7      | Found a huge runed translucent gate.
  9227 | D:7      | Found a huge runed translucent gate.
  9227 | D:7      | Noticed a polar bear
  9227 | D:7      | Noticed a polar bear
  9245 | D:7      | Found a huge runed translucent gate.
  9245 | D:7      | Noticed a polar bear
  9247 | D:7      | Found a huge runed translucent gate.
  9247 | D:7      | Noticed a polar bear
  9247 | D:7      | Noticed a polar bear
  9247 | D:7      | Noticed a manticore
  9364 | D:7      | Reached skill level 5 in Fighting
 10037 | D:8      | Reached XP level 10. HP: 75/76 MP: 10/10
 10286 | D:8      | Noticed Prince Ribbit
 10291 | D:8      | Identified the +1 scale mail "Giklow" {MP-9 Str+6}
 10322 | D:8      | Killed Prince Ribbit
 11211 | D:8      | Found a runed translucent door.
 11212 | D:8      | Found a shimmering altar of Xom.
 11212 | D:8      | Noticed AverageBear's ghost (novice DDFi)
 11212 | D:8      | Noticed a +1 war axe of chaos
 12476 | D:9      | Found Kiaxinan's Weapon Shoppe.
 12552 | D:9      | Identified the +4 scale mail "Juzy" {Harm rElec Str-4 SInv}
 12618 | D:9      | Reached skill level 1 in Evocations
 12618 | D:9      | Noticed a two-headed ogre
 12794 | D:9      | Killed a two-headed ogre
 13063 | D:9      | Reached skill level 5 in Evocations
 13669 | D:9      | Reached XP level 11. HP: 75/89 MP: 9/11
 14120 | D:10     | Entered Level 10 of the Dungeon
 14144 | D:10     | Noticed a two-headed ogre
 14145 | D:10     | Noticed a two-headed ogre
 14177 | D:9      | Killed a two-headed ogre
 15351 | D:10     | Killed a two-headed ogre
 16429 | D:10     | Noticed a sphinx
 16430 | D:10     | Identified the ring of Qetureza {rElec Str+6 Int+7 Dex+2}
 16430 | D:10     | Noticed a rakshasa
 16436 | D:10     | Noticed a catoblepas
 16809 | D:10     | Killed a sphinx
 17179 | D:10     | Found a staircase to the Lair.
 17240 | D:10     | Killed a rakshasa
 17241 | D:10     | Reached skill level 17 in Polearms
 17884 | D:10     | HP: 3/89 [orc warrior (4)]
 17885 | D:10     | Slain by an orc warrior

Illustrated notes

Levels and vault maps discovered:
D:1:      scummos_arrival_checkerplants, layout_basic,
          chequers_ecumenical_altar_simple_redux, ebering_dispersal_statue_hall
D:2:      layout_rooms
D:3:      layout_basic, serial_shops, nicolae_diamond_shop
D:4:      layout_loops_corners, ebering_ghost_sewer_d
D:5:      layout_rooms, nicolae_qazlal_style_of_elements,
          gammafunk_ghost_mausoleum
D:6:      minmay_bubble_buster, layout_basic, uniq_pikel
D:7:      lemuel_bear_cage, layout_loops_cross,
          minmay_temple_entry_gardened_gates, uniq_duvessa
D:8:      layout_cave_pools, ebering_ghost_xom, serial_bayou_ford_a,
          uniq_prince_ribbit1
D:9:      layout_basic, serial_shops, shop
D:10:     minmay_the_grid_plus [minmay_the_grid_pillar_ring,
          minmay_the_grid_mess, minmay_the_grid_empty, minmay_the_grid_expand,
          minmay_the_grid_prize_diamond_cup], layout_loops_corners,
          minivault_25_ag

Skill      XL: |  1  2  3  4  5  6  7  8  9 10 11 |
---------------+----------------------------------+-----
Polearms       | 5 6 7 8 9 13 15 16 17 | 17.3
Armour         | 3 4 |  4.9
Fighting       | 6 9 |  9.6
Evocations     | 5 8 |  8.0
Dodging        | |  4.0
Stealth        | |  2.1

Action                   |  1- 3 |  4- 6 |  7- 9 | 10-12 || total
-------------------------+-------+-------+-------+-------++-------
Melee: Spear             |    95 |       |       |       ||    95
       Punch             |     2 |       |     5 |     2 ||     9
       Trident           |    19 |   102 |   356 |    89 ||   566
       Halberd           |       |       |       |   322 ||   322
Throw: Dart              |    13 |     9 |     8 |    16 ||    46
       Stone             |       |     4 |     3 |    12 ||    19
       Javelin           |       |       |     4 |       ||     4
Invok: Fiery Armour      |       |     4 |       |     3 ||     7
       Foxfire Swarm     |       |       |       |     1 ||     1
       Rising Flame      |       |       |       |     1 ||     1
Evoke: Wand              |       |       |     6 |     8 ||    14
  Use: Potion            |       |     2 |     2 |     4 ||     8
       Scroll            |       |       |    15 |     3 ||    18
 Stab: Sleeping          |     2 |       |       |       ||     2
       Invisible         |       |       |     4 |       ||     4
Armor: Chain mail        |    65 |    58 |    11 |       ||   134
       Robe              |     1 |       |       |       ||     1
       Plate armour      |       |       |   176 |   206 ||   382
Dodge: Dodged            |    22 |    18 |   124 |   120 ||   284
       Repelled          |       |       |       |     6 ||     6

Table legend: (Time is in decaauts)
 A = Elapsed time spent in this place.
 B = Non-inter-level travel time spent in this place.
 C = Inter-level travel time spent in this place.
 D = Time resting spent in this place.
 E = Time spent auto-exploring this place.
 F = Levels seen in this place.
 G = Mean time per level.
                   A        B        C        D        E       F      G
               +--------+--------+--------+--------+--------+-----+--------+
         Total |  17599 |  17299 |    300 |   9001 |   5756 |  10 | 1759.9 |
       Dungeon |  17599 |  17299 |    300 |   9001 |   5756 |  10 | 1759.9 |
               +--------+--------+--------+--------+--------+-----+--------+

Top non-repeatable levels by time:
    D:10: 3003 daAuts
     D:6: 2642 daAuts
     D:9: 2362 daAuts
     D:7: 2272 daAuts
     D:4: 2012 daAuts
     D:8: 1899 daAuts
     D:1: 1465 daAuts
     D:3: 880 daAuts
     D:2: 669 daAuts
     D:5: 393 daAuts
